 Dungeon Crawl Stone Soup version 0.19.5 (webtiles) character file.

25 Gargoyl the Skirmisher (level 3, -5/32 (33) HPs)
             Began as a Ghoul Abyssal Knight on Apr 21, 2017.
             Was a Follower of Lugonu.
             Killed from afar by Sigmund (9 damage)
             ... with a magic dart
             ... on level 2 of the Dungeon.
             The game lasted 00:02:25 (1140 turns).

Gargoyl the Skirmisher (Ghoul Abyssal Knight)       Turns: 1140, Time: 00:02:26

HP:   -5/32 (33)    AC: 10    Str: 15    XL:     3   Next: 4%
MP:   3/3           EV: 14    Int:  7    God:    Lugonu [*.....]
Gold: 120           SH:  0    Dex: 14    Spells: 0 memorised, 2 levels left

rFire  . . .     SeeInvis .     a - +1 hand axe
rCold  + . .     Gourm    .     g - +0 scale mail (curse)
rNeg   + + +     Faith    .     (no shield)
rPois  ∞         Spirit   .     e - +0 helmet
rElec  .         Reflect  .     b - +2 cloak
rCorr  .         Harm     .     (no gloves)
MR     .....                    (no boots)
Stlth  ..........               (no amulet)
                                (no ring)
                                (no ring)

@: confused, agile, rotting
A: rotting body, claws 1, carnivore 3, cold resistance 1, negative energy
resistance 3, slow regeneration 1, torment resistance, unbreathing
a: Depart the Abyss, Renounce Religion


You were on level 2 of the Dungeon.
You worshipped Lugonu.
Lugonu was aware of your devotion.
You were not hungry.

You visited 1 branch of the dungeon, and saw 2 of its levels.
You visited the Abyss 1 time.

You collected 120 gold pieces.

Inventory:

Hand Weapons
 a - a +1 hand axe (weapon)
Armour
 b - a +2 cloak (worn)
 e - a +0 helmet (worn)
 g - a cursed +0 scale mail (worn)
Scrolls
 i - 3 scrolls of identify
 j - a scroll of remove curse {unknown}
 k - a scroll of fog {unknown}
Potions
 d - a potion of lignification
 f - a potion of agility
Comestibles
 c - a meat ration


   Skills:
 + Level 3.8 Fighting
 + Level 2.0 Axes
 * Level 2.0 Armour
 + Level 1.1 Dodging
 * Level 2.2 Invocations


You had 2 spell levels left.
You didn't know any spells.

Dungeon Overview and Level Annotations

Branches:
Dungeon (2/15)

Altars:
Gozag

Annotations:
D:2 Sigmund


Innate Abilities, Weirdness & Mutations

Your body is rotting away.
You thrive on raw meat.
You are immune to poison.
You have sharp fingernails.
You are carnivorous and can eat meat at any time.
Your flesh is cold resistant. (rC+)
You are immune to negative energy. (rN+++)
You regenerate slowly when monsters are visible.
You are immune to unholy pain and torment.
You can survive without breathing.


Message History

You barely miss something.
You feel less confused. Something hits you!
* * * LOW HITPOINT WARNING * * *
Something hits you but does no damage.
You closely miss something. Something hits you but does no damage.
You hit something. Something hits you.
* * * LOW HITPOINT WARNING * * *
Something barely misses you.
You closely miss something.
You hear some strange, mumbled words.
Something tries to affect you, but you resist.
You barely miss something. Something hits you but does no damage.
You miss something.
You hear some strange, mumbled words.
You are confused.
You hear some strange, mumbled words.
A magic dart appears from out of thin air!
The magic dart hits you!
You die...

######.......#...
#..............#.#
#.....####.....#.#
#.....#######.>#.##
#.....#..$........#
#.....#...........##
#.....#.............
#.....##$$$#.####.#
#.......$_$.@..#
#####...$$$.........
#%..............
###....##.......
#....# .......
#....# .......
#....# .......
#....# .......


There were no monsters in sight!

Vanquished Creatures
  3 leopard geckos
  A ball python (D:1)
  2 bats (D:1)
  2 giant cockroaches (D:1)
  3 hobgoblins (D:1)
  2 jackals (D:1)
  4 kobolds (D:1)
  2 goblins (D:1)
19 creatures vanquished.

Notes
Turn   | Place    | Note
-------+----------+-------------------------------------------
     0 | Abyss:1  | Gargoyl the Ghoul Abyssal Knight began the quest for the Orb.
     0 | Abyss:1  | Reached XP level 1. HP: 19/19 MP: 1/1
    76 | Abyss:1  | Found an ancient bone altar of Kikubaaqudgha.
   123 | Abyss:1  | Noticed an insubstantial wisp
   221 | Abyss:3  | Noticed a hellephant
   221 | D:1      | Escaped the Abyss
   318 | D:1      | Reached * piety under Lugonu
   394 | D:1      | Reached skill level 1 in Dodging
   423 | D:1      | Reached XP level 2. HP: 17/26 MP: 2/2
  1092 | D:2      | Reached XP level 3. HP: 32/32 MP: 3/3
  1107 | D:2      | Found an opulent altar of Gozag.
  1109 | D:2      | Noticed Sigmund
  1140 | D:2      | Killed from afar by Sigmund

Skill      XL: |  1  2 |
---------------+-------+-----
Dodging        | 1 |  1.1
Axes           | 2 |  2.0
Armour         | 2 |  2.0
Fighting       | |  3.8
Invocations    | |  2.2

Action                   || total
-------------------------++-------
Melee: Hand axe          ||    81
Invok: Depart the Abyss  ||     1
  Use: Scroll            ||     2
       Potion            ||     1
  Eat: Chunk             ||    10
Armor: Scale mail        ||    47
       Leather armour    ||     3
Dodge: Dodged            ||    59
